[ AOE2 MATCH · #505317801 ]
UnrankedSpanish vs Burgundians
Player's team · WIN
[ REPLAY ANALYSIS · EXTRACTED FROM THE RECORDED GAME ]
Feudal
9:18
Castle
19:39
Imperial
—
| APM avg | 50.1 |
| APM peak | 89 |
| eAPM avg | 27.8 |
| Villagers / military | 75 / 11 |
Focus
⚔️ 41.3% · 🌾 58.7%
Missionary ×7 · Scout Cavalry ×3 · Mangonel ×1
Feudal
9:17
Castle
20:13
Imperial
—
| APM avg | 93.3 |
| APM peak | 171 |
| eAPM avg | 50.7 |
| Villagers / military | 83 / 15 |
Focus
⚔️ 72.7% · 🌾 27.3%
Coustillier ×5 · Spearman ×4 · Monk ×2 · Skirmisher ×2 · Flemish Militia ×2
Match map
Initial resources + every placement click. Lines = walls · curves = elevation contours. ◆ gold · ⬟ stone · ● berries · ✦ relic · ◌ wall gap
Your base· Open — opponent sealed themselves in
XEVER | Rivux's base· ✓ Closed at 20:13 · 40t walls · no gate
Smoothed initial terrain · ◌ = detected wall gap · hover for details
Inputs per minute
— Courtesy - - XEVER | Rivux
Build order — Courtesy
First 150 of 190 actions detected
| 0:01 | Create | Villager (Male) |
| 0:01 | Create | Villager (Male) |
| 0:02 | Build | House |
| 0:03 | Build | House |
| 0:06 | Create | Villager (Male) |
| 0:17 | Create | Villager (Male) |
| 0:17 | Create | Villager (Male) |
| 1:25 | Create | Villager (Male) |
| 2:08 | Create | Villager (Male) |
| 2:13 | Create | Villager (Male) |
| 2:21 | Build | Lumber Camp |
| 2:38 | Create | Villager (Male) |
| 2:54 | Create | Villager (Male) |
| 3:21 | Create | Villager (Male) |
| 3:31 | Build | House |
| 3:41 | Create | Villager (Male) |
| 3:46 | Create | Villager (Male) |
| 4:17 | Create | Villager (Male) |
| 4:38 | Create | Villager (Male) |
| 5:01 | Create | Villager (Male) |
| 5:05 | Create | Villager (Male) |
| 5:17 | Create | Villager (Male) |
| 5:29 | Build | Mill |
| 5:34 | Create | Villager (Male) |
| 5:38 | Build | House |
| 6:09 | Build | Palisade Wall |
| 6:23 | Build | Palisade Wall |
| 6:28 | Build | Palisade Wall |
| 6:40 | Build | Palisade Wall |
| 6:41 | Build | Palisade Wall |
| 6:48 | Build | Palisade Wall |
| 7:06 | Research | Feudal Age |
| 7:49 | Build | Palisade Wall |
| 7:57 | Create | Villager (Male) |
| 7:58 | Build | Palisade Wall |
| 8:06 | Build | Palisade Wall |
| 8:07 | Build | Palisade Wall |
| 8:09 | Build | Lumber Camp |
| 8:09 | Create | Villager (Male) |
| 8:50 | Build | Barracks |
| 9:18 | Age | Feudal Age |
| 9:20 | Create | Villager (Male) |
| 9:37 | Create | Villager (Male) |
| 9:45 | Research | Loom |
| 9:49 | Build | Stable |
| 9:58 | Create | Villager (Male) |
| 10:02 | Research | Double-Bit Axe |
| 10:11 | Build | House |
| 10:24 | Research | Horse Collar |
| 10:32 | Create | Villager (Male) |
| 10:35 | Build | House |
| 10:36 | Create | Scout Cavalry |
| 10:50 | Build | Farm |
| 11:00 | Build | Farm |
| 11:04 | Create | Villager (Male) |
| 11:06 | Build | Farm |
| 11:08 | Create | Villager (Male) |
| 11:13 | Create | Scout Cavalry |
| 11:14 | Create | Scout Cavalry |
| 11:24 | Build | Farm |
| 11:34 | Create | Villager (Male) |
| 11:37 | Build | Farm |
| 11:46 | Research | Loom |
| 12:14 | Create | Villager (Male) |
| 12:18 | Build | Mining Camp |
| 12:32 | Create | Villager (Male) |
| 12:41 | Create | Villager (Male) |
| 12:52 | Create | Villager (Male) |
| 12:55 | Build | Blacksmith |
| 13:02 | Build | Watch Tower |
| 13:13 | Build | Farm |
| 13:15 | Create | Villager (Male) |
| 13:18 | Build | Farm |
| 13:29 | Create | Villager (Male) |
| 13:32 | Build | Outpost |
| 13:35 | Research | Town Watch |
| 13:53 | Build | Palisade Wall |
| 14:00 | Build | Palisade Wall |
| 14:04 | Create | Villager (Male) |
| 14:10 | Build | Palisade Wall |
| 14:23 | Create | Villager (Male) |
| 14:28 | Build | Farm |
| 14:40 | Create | Villager (Male) |
| 14:46 | Create | Villager (Male) |
| 14:52 | Build | House |
| 15:01 | Build | House |
| 15:55 | Create | Villager (Male) |
| 15:59 | Build | Market |
| 16:26 | Build | Farm |
| 16:59 | Research | Castle Age |
| 16:59 | Research | Castle Age |
| 17:34 | Research | Stone Mining |
| 17:59 | Create | Villager (Male) |
| 18:04 | Build | Watch Tower |
| 18:24 | Create | Villager (Male) |
| 18:55 | Create | Villager (Male) |
| 19:09 | Create | Villager (Male) |
| 19:17 | Research | Fletching |
| 19:32 | Build | Watch Tower |
| 19:39 | Age | Castle Age |
| 19:41 | Build | Watch Tower |
| 19:45 | Build | University |
| 19:56 | Build | Siege Workshop |
| 20:22 | Build | Watch Tower |
| 20:26 | Research | Guard Tower (upgrade) |
| 20:27 | Create | Villager (Male) |
| 20:33 | Create | Villager (Male) |
| 20:35 | Create | Mangonel |
| 20:40 | Create | Villager (Male) |
| 20:48 | Build | Stone Wall |
| 20:49 | Build | Stone Wall |
| 20:54 | Create | Villager (Male) |
| 21:04 | Create | Villager (Male) |
| 21:11 | Create | Villager (Male) |
| 21:29 | Build | Watch Tower |
| 21:37 | Create | Villager (Male) |
| 21:40 | Build | Town Center |
| 22:04 | Build | Watch Tower |
| 22:06 | Create | Villager (Male) |
| 22:13 | Build | Lumber Camp |
| 22:16 | Create | Villager (Male) |
| 22:24 | Build | Farm |
| 22:38 | Build | Watch Tower |
| 22:46 | Create | Villager (Male) |
| 22:49 | Build | Farm |
| 22:58 | Build | Monastery |
| 23:04 | Create | Villager (Male) |
| 23:14 | Create | Villager (Male) |
| 23:28 | Build | Mining Camp |
| 23:29 | Create | Villager (Male) |
| 23:31 | Build | Stone Wall |
| 23:32 | Build | Stone Wall |
| 23:35 | Create | Missionary |
| 23:46 | Research | Husbandry |
| 23:49 | Build | Farm |
| 23:55 | Build | Farm |
| 23:56 | Create | Villager (Male) |
| 23:56 | Create | Villager (Male) |
| 24:02 | Create | Villager (Male) |
| 24:04 | Build | Watch Tower |
| 24:09 | Build | House |
| 24:17 | Build | House |
| 24:21 | Create | Missionary |
| 24:23 | Build | Monastery |
| 24:25 | Create | Villager (Male) |
| 24:34 | Build | House |
| 24:50 | Create | Villager (Male) |
| 24:56 | Create | Villager (Male) |
| 24:59 | Create | Villager (Male) |
| 25:07 | Build | Farm |
Build order — XEVER | Rivux
First 150 of 166 actions detected
| 0:02 | Create | Villager (Male) |
| 0:02 | Create | Villager (Male) |
| 0:02 | Create | Villager (Male) |
| 0:02 | Create | Villager (Male) |
| 0:02 | Create | Villager (Male) |
| 0:02 | Create | Villager (Male) |
| 0:02 | Create | Villager (Male) |
| 0:02 | Create | Villager (Male) |
| 0:02 | Build | House |
| 0:07 | Build | House |
| 1:24 | Create | Villager (Male) |
| 1:52 | Build | Lumber Camp |
| 2:02 | Create | Villager (Male) |
| 2:02 | Create | Villager (Male) |
| 2:15 | Create | Villager (Male) |
| 2:54 | Create | Villager (Male) |
| 2:54 | Create | Villager (Male) |
| 2:54 | Create | Villager (Male) |
| 3:02 | Create | Villager (Male) |
| 3:25 | Create | Villager (Male) |
| 3:52 | Build | House |
| 4:03 | Create | Villager (Male) |
| 4:20 | Create | Villager (Male) |
| 4:22 | Build | House |
| 4:23 | Build | Palisade Wall |
| 4:24 | Build | Palisade Wall |
| 4:25 | Build | Palisade Wall |
| 4:50 | Create | Villager (Male) |
| 4:52 | Create | Villager (Male) |
| 4:52 | Create | Villager (Male) |
| 4:53 | Create | Villager (Male) |
| 5:11 | Create | Villager (Male) |
| 5:11 | Create | Villager (Male) |
| 5:12 | Build | Mill |
| 5:18 | Build | Palisade Wall |
| 5:20 | Build | Palisade Wall |
| 5:46 | Create | Villager (Male) |
| 5:46 | Research | Loom |
| 6:32 | Build | Lumber Camp |
| 7:02 | Research | Feudal Age |
| 7:21 | Research | Double-Bit Axe |
| 7:21 | Research | Double-Bit Axe |
| 8:06 | Build | Palisade Wall |
| 8:21 | Build | Barracks |
| 8:31 | Build | Palisade Wall |
| 8:56 | Create | Villager (Male) |
| 9:01 | Build | Palisade Wall |
| 9:17 | Age | Feudal Age |
| 9:21 | Research | Bow Saw |
| 9:22 | Research | Horse Collar |
| 9:27 | Build | House |
| 9:29 | Build | Palisade Wall |
| 9:30 | Create | Spearman |
| 9:32 | Create | Villager (Male) |
| 9:52 | Create | Villager (Male) |
| 9:53 | Build | Farm |
| 10:06 | Build | Farm |
| 10:09 | Build | Farm |
| 10:20 | Create | Villager (Male) |
| 10:23 | Build | Farm |
| 10:34 | Build | House |
| 10:37 | Create | Villager (Male) |
| 10:46 | Build | Farm |
| 10:52 | Build | House |
| 10:53 | Build | Palisade Wall |
| 10:54 | Build | Palisade Wall |
| 10:56 | Build | Palisade Wall |
| 11:00 | Create | Villager (Male) |
| 11:03 | Build | Farm |
| 11:18 | Create | Spearman |
| 11:21 | Build | Palisade Wall |
| 11:24 | Create | Villager (Male) |
| 11:28 | Build | Mining Camp |
| 11:42 | Create | Villager (Male) |
| 11:47 | Build | Farm |
| 12:04 | Create | Villager (Male) |
| 12:09 | Build | Farm |
| 12:21 | Build | House |
| 12:25 | Create | Villager (Male) |
| 12:36 | Build | Farm |
| 12:37 | Build | Farm |
| 12:39 | Build | Farm |
| 12:58 | Research | Town Watch |
| 13:09 | Build | Archery Range |
| 13:22 | Build | Watch Tower |
| 13:27 | Create | Villager (Male) |
| 14:01 | Create | Villager (Male) |
| 14:04 | Build | Farm |
| 14:20 | Build | Mining Camp |
| 14:21 | Create | Villager (Male) |
| 14:22 | Create | Skirmisher |
| 14:25 | Build | Farm |
| 14:32 | Create | Villager (Male) |
| 14:34 | Create | Spearman |
| 14:37 | Create | Skirmisher |
| 14:44 | Research | Wheelbarrow |
| 14:54 | Create | Villager (Male) |
| 14:55 | Create | Spearman |
| 15:07 | Create | Villager (Male) |
| 15:25 | Create | Villager (Male) |
| 15:31 | Build | Farm |
| 16:22 | Build | Market |
| 17:33 | Research | Castle Age |
| 17:34 | Research | Castle Age |
| 17:55 | Create | Villager (Male) |
| 17:58 | Research | Stone Mining |
| 17:59 | Research | Gold Mining |
| 19:16 | Build | Palisade Wall |
| 19:19 | Create | Villager (Male) |
| 19:40 | Create | Flemish Militia |
| 19:41 | Create | Flemish Militia |
| 19:43 | Create | Villager (Male) |
| 20:04 | Build | House |
| 20:05 | Build | House |
| 20:07 | Build | Palisade Wall |
| 20:13 | Age | Castle Age |
| 20:19 | Create | Villager (Male) |
| 20:41 | Build | Town Center |
| 20:41 | Create | Villager (Male) |
| 21:00 | Create | Villager (Male) |
| 21:02 | Build | Monastery |
| 21:11 | Create | Villager (Male) |
| 21:27 | Create | Villager (Male) |
| 21:27 | Create | Villager (Male) |
| 21:36 | Create | Villager (Male) |
| 21:50 | Create | Villager (Male) |
| 22:26 | Create | Villager (Male) |
| 22:45 | Build | Castle |
| 23:01 | Build | Farm |
| 23:03 | Build | Farm |
| 23:28 | Create | Monk |
| 23:36 | Create | Villager (Male) |
| 23:52 | Create | Coustillier |
| 23:52 | Create | Coustillier |
| 23:52 | Create | Coustillier |
| 24:07 | Create | Villager (Male) |
| 24:16 | Create | Villager (Male) |
| 24:36 | Create | Coustillier |
| 24:36 | Create | Coustillier |
| 24:42 | Create | Villager (Male) |
| 25:00 | Create | Villager (Male) |
| 25:01 | Create | Villager (Male) |
| 25:03 | Create | Villager (Male) |
| 25:04 | Create | Villager (Male) |
| 25:04 | Create | Villager (Male) |
| 25:07 | Create | Villager (Male) |
| 25:07 | Create | Villager (Male) |
| 25:15 | Create | Villager (Male) |
| 25:17 | Build | Farm |
| 25:26 | Create | Villager (Male) |
Match timeline
| 4:23 | XEVER | Rivux · wall_segment Palisade Wall x1 |
| 4:24 | XEVER | Rivux · wall_segment Palisade Wall x2 |
| 4:25 | XEVER | Rivux · wall_segment Palisade Wall x1 |
| 5:18 | XEVER | Rivux · wall_segment Palisade Wall x1 |
| 5:20 | XEVER | Rivux · wall_segment Palisade Wall x6 |
| 6:09 | Courtesy · wall_segment Palisade Wall x5 |
| 6:23 | Courtesy · wall_segment Palisade Wall x2 |
| 6:28 | Courtesy · wall_segment Palisade Wall x4 |
| 6:40 | Courtesy · wall_segment Palisade Wall x6 |
| 6:41 | Courtesy · wall_segment Palisade Wall x2 |
| 6:48 | Courtesy · wall_segment Palisade Wall x8 |
| 7:49 | Courtesy · wall_segment Palisade Wall x1 |
| 7:58 | Courtesy · wall_segment Palisade Wall x3 |
| 8:06 | Courtesy · wall_segment Palisade Wall x1 |
| 8:06 | XEVER | Rivux · wall_segment Palisade Wall x4 |
| 8:07 | Courtesy · wall_segment Palisade Wall x1 |
| 8:21 | XEVER | Rivux · first_building Barracks |
| 8:31 | XEVER | Rivux · wall_segment Palisade Wall x4 |
| 8:50 | Courtesy · first_building Barracks |
| 9:01 | XEVER | Rivux · wall_segment Palisade Wall x1 |
| 9:17 | XEVER | Rivux · age_up feudal |
| 9:18 | Courtesy · age_up feudal |
| 9:29 | XEVER | Rivux · wall_segment Palisade Wall x6 |
| 9:49 | Courtesy · first_building Stable |
| 10:53 | XEVER | Rivux · wall_segment Palisade Wall x3 |
| 10:54 | XEVER | Rivux · wall_segment Palisade Wall x1 |
| 10:56 | XEVER | Rivux · wall_segment Palisade Wall x2 |
| 11:21 | XEVER | Rivux · wall_segment Palisade Wall x8 |
| 13:09 | XEVER | Rivux · first_building Archery Range |
| 13:53 | Courtesy · wall_segment Palisade Wall x1 |
| 14:00 | Courtesy · wall_segment Palisade Wall x1 |
| 14:10 | Courtesy · wall_segment Palisade Wall x1 |
| 16:46 | Courtesy · first_market_sell 100 wood |
| 16:47 | Courtesy · first_market_buy 100 food |
| 17:30 | XEVER | Rivux · first_market_sell 100 wood |
| 19:16 | XEVER | Rivux · wall_segment Palisade Wall x1 |
| 19:39 | Courtesy · age_up castle |
| 19:56 | Courtesy · first_building Siege Workshop |
| 20:07 | XEVER | Rivux · wall_segment Palisade Wall x1 |
| 20:13 | XEVER | Rivux · age_up castle |
| 20:48 | Courtesy · wall_segment Stone Wall x1 |
| 20:49 | Courtesy · wall_segment Stone Wall x1 |
| 21:02 | XEVER | Rivux · first_building Monastery |
| 22:08 | XEVER | Rivux · first_market_buy 100 stone |
| 22:45 | XEVER | Rivux · first_building Castle |
| 22:58 | Courtesy · first_building Monastery |
| 23:31 | Courtesy · wall_segment Stone Wall x1 |
| 23:32 | Courtesy · wall_segment Stone Wall x1 |
| 27:31 | XEVER | Rivux · resign |
[ AI ANALYSIS · 1 CREDIT ]
What really happened in this match?
Wolo.gg analyzes every decision: build order, eco, micro, common mistakes by bracket. Personalized analysis on WhatsApp or Discord in 30 seconds.
Civ guide
Spanish
Perfil
Jugador #3022245